 Dungeon Crawl Stone Soup version 0.31-a0-190-g4feb4907b2 (webtiles) character file.

Game seed: 6777712689881254332

31 qw the Shooter (level 3, 0/20 HPs)
             Began as a Deep Elf Hunter on June 23, 2023.
             Succumbed to their own poison gas
             ... on level 1 of the Dungeon.
             The game lasted 00:00:22 (735 turns).

qw the Shooter (Deep Elf Hunter)                     Turns: 735, Time: 00:00:22

Health: 0/20       AC:  6    Str: 10    XL:     3   Next: 7%
Magic:  5/5        EV: 11    Int: 13    God:
Gold:   59         SH:  0    Dex: 18    Spells: 2/2 levels left

rFire   . . .        Y - +0 shortbow
rCold   . . .        (shield currently unavailable)
rNeg    . . .        e - +0 ring mail
rPois   .            f - +0 helmet
rElec   .            (no cloak)
rCorr   .            (no gloves)
SInv    .            (no boots)
Will    +....        (no amulet)
Stlth   +            g - ring of willpower
HPRegen 0.23/turn    (no ring)
MPRegen 0.09/turn

%: no passive effects
@: lethally poisoned (0 -> -3)
A: no striking features
a: no special abilities


You were on level 1 of the Dungeon.
You visited 1 branch of the dungeon, and saw 1 of its levels.

You collected 59 gold pieces.


   Skills:
 - Level 1.5 Fighting
 + Level 6.7 Ranged Weapons
 - Level 2.4 Dodging
 - Level 1.2 Stealth


You had 2 spell levels left.
You didn't know any spells.
Your spell library was empty.

Inventory:

Hand Weapons
 Y - a +0 shortbow (weapon)
Armour
 e - a +0 ring mail (worn)
 f - a +0 helmet (worn)
Jewellery
 g - a ring of willpower (left hand)
Potions
 j - a potion of curing {unknown}

Dungeon Overview and Level Annotations

Branches:
Dungeon (1/15)

Altars:


Message History

It was a scroll of noise.
Done exploring.
726 ||| READING scroll labelled WYABIZX FOLAM.
As you read the scroll labelled WYABIZX FOLAM, it dissolves into smoke.
It was a scroll of fog.
Done exploring.
727 ||| DROPPING scroll of poison.
You drop a scroll of poison.
Done exploring.
728 ||| DROPPING scroll of butterflies.
You drop a scroll of butterflies.
Done exploring.
(D) Dungeon
Where to? (* - list waypoints, ? - help)
What level of the Dungeon? (default 1, ? - help) Sorry, I don't know how to get there.
Enter note:
Enter note:
Enter note:
Enter note:
Enter note:
Enter note:
Enter note:
Enter note:
Enter note: Really walk into that cloud of poison gas?
You are engulfed in poison gas.
You are poisoned.
You feel very sick.
730 ||| Stepping ~*~*~tactically~*~*~ (cloud).
You feel very sick.
Things that are here:
a scroll of butterflies; a scroll of poison; a +0 leather armour
There is a lethal amount of poison in your body!
You feel very sick.
There is a lethal amount of poison in your body!
You feel sick.
There is a lethal amount of poison in your body!
You feel sick.
There is a lethal amount of poison in your body!
You feel sick.
There is a lethal amount of poison in your body!
You die...

.# #.........########
#.# .# ####....¤## ##.#
.###### ###..0########
#..# ......#
##.#0¤¤¤00¤# #.##
.####.# #####¤#¤¤0¤¤0¤#
#.#
......####....¤#¤¤¤.000#
#.#
...........###.¤¤0¤0¤¤0#
#.#
....%.###..###.#¤¤0¤¤00#
#.# .####.#
#¤00000.@¤¤.000# #.#
......# #0¤.##0#0¤0¤.¤0#
#.#### .######
#...##.##¤###### #....#
.# #.####'#### ####.#
.###
###PP#.#PP###########.#
...#
##P.P#.#~~P##.......#.#
...#
##P.P.#.#~~~P#######.#.#
.#.#
#PP...#.#~~~~P#...##.#.#
.#.#
#PP...#.#~~~~P###......#


There were no monsters in sight!

Vanquished Creatures
  A dart slug (D:1)
  7 bats (D:1)
  An endoplasm (D:1)
  A giant cockroach (D:1)
  3 hobgoblins (D:1)
  4 jackals (D:1)
  3 kobolds (D:1)
  A quokka (D:1)
  3 ball pythons (D:1)
  A frilled lizard (D:1)
  A goblin (D:1)
  2 rats (D:1)
28 creatures vanquished.

Notes
Turn   | Place    | Note
-------+----------+-------------------------------------------
     0 | D:1      | qw the Deep Elf Hunter began the quest for the Orb.
     0 | D:1      | Reached XP level 1. HP: 12/12 MP: 3/3
     0 | D:1      | 0 ||| qw: Version: 0.3-a-9-g12657ce
     0 | D:1      | 0 ||| qw: Game counter: 4517
     0 | D:1      | 0 ||| qw: Always use a shield: true
     0 | D:1      | 0 ||| qw: God list: Okawaru
     0 | D:1      | 0 ||| qw: Allow faded altars: false
     0 | D:1      | 0 ||| qw: Do Orc after D:15 true
     0 | D:1      | 0 ||| qw: Do second Lair branch before Depths: true
     0 | D:1      | 0 ||| qw: Lair rune preference: random
     0 | D:1      | 0 ||| qw: Plans: Normal
     0 | D:1      | 0 ||| PLANNING D:1-11
    19 | D:1      | HP: 1/12 [jackal (3)]
   133 | D:1      | Reached XP level 2. HP: 16/16 MP: 4/4
   138 | D:1      | Reached skill level 6 in Ranged Weapons
   534 | D:1      | Reached XP level 3. HP: 20/20 MP: 5/5
   707 | D:1      | 707 ||| UPGRADING to +0 ring mail.
   717 | D:1      | 717 ||| DROPPING +0 leather armour.
   718 | D:1      | 718 ||| UPGRADING to +0 helmet.
   723 | D:1      | 723 ||| UPGRADING to ring of willpower.
   724 | D:1      | 724 ||| READING 2 scrolls labelled ZYWNETHRAYMU.
   725 | D:1      | 725 ||| READING scroll labelled HIOSUL JUTO.
   726 | D:1      | 726 ||| READING scroll labelled WYABIZX FOLAM.
   727 | D:1      | 727 ||| DROPPING scroll of poison.
   728 | D:1      | 728 ||| DROPPING scroll of butterflies.
   730 | D:1      | 730 ||| Stepping ~*~*~tactically~*~*~ (cloud).
   731 | D:1      | HP: 5/20 [poisoned by you (poison gas)]
   734 | D:1      | HP: 1/20 [poisoned by you (poison gas)]
   735 | D:1      | Succumbed to their own poison gas

Levels and vault maps discovered:
D:1:      psy_arrival_terrarium, layout_loops_cross, solitary_fountain

Skill      XL: |  1  2 |
---------------+-------+-----
Ranged Weapons | 6 |  6.7
Fighting       | |  1.5
Dodging        | |  2.4
Stealth        | |  1.2

Action                     || total
---------------------------++-------
   Fire: Shortbow          ||    79
    Use: Scroll            ||     3
 Armour: Leather armour    ||     8
  Dodge: Dodged            ||    18

Table legend:
 A = Non-vault XP
 B = Vault XP
 C = Vault XP percentage of total XP
 D = Non-vault monster count
 E = Vault monster count
 F = Vault count percentage of total count
                 A         B        C        D         E       F
            +---------+---------+-------+---------+---------+-------
      Total |      45 |       0 |   0.0 |      28 |       0 |   0.0
            +---------+---------+-------+---------+---------+-------
        D:1 |      45 |       0 |   0.0 |      28 |       0 |   0.0
            +---------+---------+-------+---------+---------+-------
